 Dungeon Crawl Stone Soup version 0.31-a0-202-g547052bce9 (webtiles) character file.

Game seed: 6053641861788846077

387 qw the Skirmisher (level 6, -6/36 HPs)
             Began as a Deep Elf Hunter on June 26, 2023.
             Was an Initiate of Okawaru.
             Mangled by a wyvern (11 damage)
             ... on level 5 of the Dungeon.
             The game lasted 00:01:21 (2837 turns).

qw the Skirmisher (Deep Elf Hunter)                 Turns: 2837, Time: 00:01:21

Health: -6/36      AC:  8    Str: 10    XL:     6   Next: 49%
Magic:  8/8        EV: 11    Int: 14    God:    Okawaru [......]
Gold:   212        SH:  0    Dex: 18    Spells: 5/5 levels left

rFire   . . .        Y - +0 shortbow
rCold   . . .        (shield currently unavailable)
rNeg    . . .        e - +0 ring mail
rPois   +            (no helmet)
rElec   .            (no cloak)
rCorr   .            d - +2 pair of gloves
SInv    .            (no boots)
Will    .....        (no amulet)
Stlth   +            f - ring of poison resistance
HPRegen 0.26/turn    (no ring)
MPRegen 0.11/turn

%: no passive effects
@: about to teleport
A: no striking features
a: Renounce Religion


You were on level 5 of the Dungeon.
You worshipped Okawaru.
Okawaru was noncommittal.
You visited 1 branch of the dungeon, and saw 5 of its levels.

You collected 212 gold pieces.


   Skills:
 - Level 2.3 Fighting
 + Level 9.9 Ranged Weapons
 - Level 2.4 Dodging
 - Level 1.2 Stealth
 - Level 0.4 Invocations


You had 5 spell levels left.
You didn't know any spells.
Your spell library was empty.

Inventory:

Hand Weapons
 Y - a +0 shortbow (weapon)
Armour
 d - a +2 pair of gloves (worn)
 e - a +0 ring mail (worn)
 k - a +0 pair of boots
Jewellery
 f - a ring of poison resistance (left hand)
Scrolls
 a - 2 scrolls of teleportation
 i - a scroll of identify
 l - a scroll of enchant weapon {unknown}
Potions
 b - a potion of heal wounds {unknown}
 c - a potion of degeneration {unknown}
 g - 2 potions of curing {unknown}
 h - a potion of lignification {unknown}
 j - a potion of enlightenment {unknown}

Dungeon Overview and Level Annotations

Branches:
Dungeon (5/15)
 Temple: D:4-7

Altars:
Okawaru
Wu Jian
Zin


Message History

HP restored.
Things that are here:
a +0 dagger; a +0 robe; an orc corpse
Items here: % )) [[.
l - a scroll labelled ICUUBB NATOC You see here a +0 flail.
You open the door.
A wyvern comes into view.
There is an open door here.
You shoot an arrow. The arrow hits the wyvern.
The wyvern hisses angrily.
The wyvern is lightly wounded.
You shoot an arrow. The arrow hits the wyvern!
The wyvern is heavily wounded.
You shoot an arrow. The arrow hits the wyvern.
The wyvern is heavily wounded.
The wyvern bites you!
You shoot an arrow. The arrow hits the wyvern.
The wyvern is severely wounded.
The wyvern bites you but does no damage.
You shoot an arrow. The arrow hits the wyvern!
The wyvern is almost dead.
The wyvern bites you!
The wyvern bites you but does no damage.
You shoot an arrow. The arrow closely misses the wyvern.
The wyvern barely misses you. The wyvern bites you.
You shoot an arrow.
The arrow hits the wyvern but does no damage.
The wyvern is almost dead.
The wyvern closely misses you.
You shoot an arrow. The arrow barely misses the wyvern.
The wyvern bites you but does no damage.
The wyvern bites you!
2836 ||| READING 3 scrolls of teleportation.
As you read the scroll of teleportation, it crumbles to dust.
You feel strangely unstable. The wyvern closely misses you.
You shoot an arrow. The arrow closely misses the wyvern.
The wyvern bites you. The wyvern bites you!
You die...

### .... ###....
.......
###########
.......
#.........##...#
#.##...#...@...#
#
#....#.#..##l..#
#.#..#.)....#
...#
#.####)#.##.#
...#
+....#)#.##.#
...#
#......#.##.#
...#
####.#<#.##.#
...# #.#.#.##.#
####
######.#...#


You could see a wyvern.

Vanquished Creatures
  A kobold brigand (D:3)
  A scorpion (D:4)
  An orc priest (D:4)
  2 orc wizards
  A gnoll (D:1)
  6 adders
  A worm (D:4)
  4 dart slugs
  10 orcs
  5 endoplasms
  3 giant cockroaches
  7 hobgoblins
  5 jackals
  3 quokkas
  15 ball pythons
  8 bats
  4 frilled lizards
  7 goblins
  14 kobolds
  4 rats
102 creatures vanquished.

Notes
Turn   | Place    | Note
-------+----------+-------------------------------------------
     0 | D:1      | qw the Deep Elf Hunter began the quest for the Orb.
     0 | D:1      | Reached XP level 1. HP: 12/12 MP: 3/3
     0 | D:1      | 0 ||| qw: Version: 0.3-a-22-g0ed2b0b
     0 | D:1      | 0 ||| qw: Game counter: 6041
     0 | D:1      | 0 ||| qw: Melee chars always use a shield: true
     0 | D:1      | 0 ||| qw: God list: Okawaru
     0 | D:1      | 0 ||| qw: Allow faded altars: false
     0 | D:1      | 0 ||| qw: Do Orc after clearing Dungeon:15 true
     0 | D:1      | 0 ||| qw: Do second Lair branch before Depths: true
     0 | D:1      | 0 ||| qw: Lair rune preference: random
     0 | D:1      | 0 ||| qw: Goals: Normal
     0 | D:1      | 0 ||| PLANNING D:1-11
    94 | D:1      | Reached skill level 6 in Ranged Weapons
    94 | D:1      | Reached XP level 2. HP: 16/16 MP: 4/4
   144 | D:1      | HP: 4/16 [hobgoblin (2)]
   406 | D:1      | Reached XP level 3. HP: 20/20 MP: 5/5
   467 | D:1      | 467 ||| UPGRADING to +0 ring mail.
   477 | D:1      | 477 ||| DROPPING +0 leather armour.
   478 | D:1      | 478 ||| READING 2 scrolls labelled UZEAHA EBIR.
   482 | D:1      | 482 ||| READING scroll labelled SEFEZ ROUBIU.
   483 | D:1      | 483 ||| DROPPING scroll of butterflies.
   575 | D:2      | Reached skill level 7 in Ranged Weapons
   656 | D:2      | Found an ornate altar of the Wu Jian Council.
   659 | D:2      | Reached XP level 4. HP: 25/25 MP: 6/6
  1057 | D:2      | Found a faded altar of an unknown god.
  1325 | D:2      | 1325 ||| UPGRADING to ring of poison resistance.
  1326 | D:2      | 1326 ||| READING scroll labelled TIVI BANUDD.
  1327 | D:2      | 1327 ||| READING scroll labelled ISUSTOGUIM.
  1366 | D:3      | Reached skill level 8 in Ranged Weapons
  1430 | D:3      | Found an iron altar of Okawaru.
  1431 | D:3      | 1431 ||| PLANNING OKAWARU WORSHIP
  1431 | D:3      | 1431 ||| READING scroll labelled YHEFOE OCECO.
  1441 | D:3      | Became a worshipper of Warmaster Okawaru
  1442 | D:3      | 1442 ||| PLANNING D:1-11
  1472 | D:3      | Found a glowing silver altar of Zin.
  1548 | D:3      | Reached XP level 5. HP: 12/29 MP: 7/7
  1764 | D:3      | Reached skill level 9 in Ranged Weapons
  2003 | D:3      | 2003 ||| READING scroll labelled HUINYQ GOPAJUT.
  2086 | D:4      | Reached * piety under Okawaru
  2087 | D:4      | Reached XP level 6. HP: 28/36 MP: 8/8
  2118 | D:4      | 2118 ||| INVOKING Heroism.
  2131 | D:4      | 2131 ||| FLEEEEING.
  2663 | D:4      | 2663 ||| UPGRADING to +2 pair of gloves.
  2691 | D:5      | Entered Level 5 of the Dungeon
  2827 | D:5      | Noticed a wyvern
  2835 | D:5      | HP: 7/36 [wyvern (10)]
  2836 | D:5      | 2836 ||| READING 3 scrolls of teleportation.
  2837 | D:5      | Mangled by a wyvern

Levels and vault maps discovered:
D:1:      dpeg_arrival_rhombi, layout_rooms
D:2:      layout_basic, basic_ecumenical_altar, basic_altar, serial_bayou_pond_e
D:3:      cheibrodos_thug_alley, layout_rooms, okawaru_gym_becter,
          mainiacjoe_overflow_boulevard, hangedman_abyss_or_decor_stabs,
          small_statue_intersection, minmay_misc_feat_enclosed, minmay_bisected
D:4:      layout_loops_ring
D:5:      layout_basic, kennysheep_orc_sif_temple,
          nicolae_hepliaklqana_hippocampus, nemelex_xobeh_ov_fountains_minmay,
          minmay_temple_entry_mini_moons, minmay_manual_mail,
          uniq_prince_ribbit1, uniq_grinder, uniq_blork_the_orc, uniq_sigmund

Skill      XL: |  1  2  3  4  5 |
---------------+----------------+-----
Ranged Weapons | 6 7 8 9 |  9.9
Fighting       | 2 |  2.3
Dodging        | |  2.4
Stealth        | |  1.2
Invocations    | |  0.4

Action                     |  1- 3 |  4- 6 || total
---------------------------+-------+-------++-------
   Fire: Shortbow          |   106 |   230 ||   336
 Invoke: Heroism           |       |     1 ||     1
    Use: Scroll            |     2 |     5 ||     7
 Armour: Leather armour    |     8 |       ||     8
         Ring mail         |    16 |    30 ||    46
  Dodge: Dodged            |    46 |    51 ||    97

Table legend:
 A = Non-vault XP
 B = Vault XP
 C = Vault XP percentage of total XP
 D = Non-vault monster count
 E = Vault monster count
 F = Vault count percentage of total count
                 A         B        C        D         E       F
            +---------+---------+-------+---------+---------+-------
      Total |     412 |     142 |  25.6 |      89 |      13 |  12.7
            +---------+---------+-------+---------+---------+-------
        D:1 |      50 |       0 |   0.0 |      22 |       0 |   0.0
        D:2 |      96 |       0 |   0.0 |      29 |       0 |   0.0
        D:3 |      73 |     142 |  66.0 |      21 |      13 |  38.2
        D:4 |     148 |       0 |   0.0 |      13 |       0 |   0.0
        D:5 |      45 |       0 |   0.0 |       4 |       0 |   0.0
            +---------+---------+-------+---------+---------+-------
